 Dungeon Sprint DCSS version 0.22.0-6-g71bd7aa (webtiles) character file.

150 poirepourri the Severer (level 10, 0/105 HPs)
             Began as a Deep Dwarf Fighter on Aug 14, 2018.
             Was a High Priest of Makhleb.
             Slain by the 27-headed Lernaean hydra (9 damage)
             ... in the Dungeon (Sprint VI: "Thunderdome").
             The game lasted 00:05:00 (855 turns).

poirepourri the Severer (Deep Dwarf Fighter)         Turns: 855, Time: 00:05:01

Health: 0/105      AC:  6    Str: 30    XL:     10   Next: 44%
Magic:  5/5        EV: 10    Int: 12    God:    Makhleb [*****.]
Gold:   45         SH: 15    Dex: 19    Spells: 9/9 levels left

rFire    . . .     SeeInvis +   a - +0 war axe
rCold    + . .     Gourm    .   c - +0 shield
rNeg     . . .     Faith    .   b - +0 scale mail
rPois    +         Spirit   .   (no helmet)
rElec    .         Reflect  .   (no cloak)
rCorr    .         Harm     .   (no gloves)
MR       +....     NoTele   +   (no boots)
Stlth    ..........             s - amulet "Ydduirem" {Acrobat rPois rC+}
HPRegen  0.00/turn              p - ring of Wishful Thinking {Str+4 Dex+4 SInv}
MPRegen  0.09/turn              r - ring "Siphiacw" {*Drain +Fly rPois Str+2 Int+2 SInv}

@: mighty, very slightly contaminated, non-regenerating
A: damage resistance, heal wounds, sense surroundings 2, no regeneration
a: Heal Wounds, Minor Destruction, Lesser Servant of Makhleb, Major Destruction,
Greater Servant of Makhleb, Renounce Religion, Evoke Flight


You were in the Dungeon.
You worshipped Makhleb.
Makhleb was extremely pleased with you.
You were not hungry.

You visited 1 branch You collected 420 gold pieces.
You spent 375 gold pieces at shops.

Inventory:

Hand Weapons
 a - a +0 war axe (weapon)
Armour
 b - a +0 scale mail (worn)
 c - a +0 shield (worn)
Jewellery
 e - the ring "Xitiloepo" {rElec rPois MR- Str+7 Dex-5}
   (You bought it in a shop in the Dungeon)

   [ring of poison resistance]

   It affects your strength (+7).
   It affects your dexterity (-5).
   It insulates you from electricity.
   It protects you from poison.
   It affects your resistance to hostile enchantments.
 l - the ring of Cytiz {MP+9 Str+2 Int+2, unknown}
   (You bought it in a shop in the Dungeon)

   [ring of magical power]

   It affects your strength (+2).
   It affects your intelligence (+2).
   It affects your magic capacity (+9).
 p - the ring of Wishful Thinking (left hand) {Str+4 Dex+4 SInv}
   (You bought it in a shop in the Dungeon)

   [ring of see invisible]

   It affects your strength (+4).
   It affects your dexterity (+4).
   It lets you see invisible.
 q - the amulet "Pekhlacku" {Harm *Drain Stlth+}
   (You bought it in a shop in the Dungeon)

   [amulet of harm]

   It increases damage dealt and taken.
   It causes draining when unequipped.
   It makes you more stealthy.
 r - the ring "Siphiacw" (right hand) {*Drain +Fly rPois Str+2 Int+2 SInv}
   (You bought it in a shop in the Dungeon)

   [ring of flight]

   It affects your strength (+2).
   It affects your intelligence (+2).
   It protects you from poison.
   It lets you see invisible.
   It lets you fly.
   It causes draining when unequipped.
 s - the amulet "Ydduirem" (around neck) {Acrobat rPois rC+}
   (You bought it in a shop in the Dungeon)

   [amulet of the acrobat]

   It helps you evade while moving and waiting.
   It protects you from cold.
   It protects you from poison.
Wands
 n - a wand of iceblast (2)
Scrolls
 k - 2 scrolls of blinking
 o - 3 scrolls of fog
Potions
 h - 3 potions of haste
 i - 2 potions of magic
 j - a potion of berserk rage
Comestibles
 f - a ration


   Skills:
 - Level 11.4 Fighting
 - Level 17.3 Axes
 - Level 3.2 Armour
 + Level 15.1 Shields


You had 9 spell levels left.
You didn't know any spells.
Your spell library was empty.

Dungeon Overview and Level Annotations

Branches:
Dungeon (1/1)

Altars:
Cheibriados
Dithmenos
Fedhas
Gozag
Kikubaaqudgha
Makhleb
Okawaru
Qazlal
Ru
Sif Muna
Trog
Uskayaw
Vehumet
Wu Jian
Xom
Yredelemnul
Zin
The Shining One
Beogh
Jiyva
Lugonu

Shops:
D *[%??*?*:[((!!!!

Annotations:
D Lernaean hydra


Innate Abilities, Weirdness & Mutations

You are resistant to damage.
You can heal yourself by infusing magical energy.
You passively map the area around you.
You do not regenerate.


Message History

Blink to where?
Press: ? - help, Dir - move target cursor You are very lightly contaminated with residual magic.
As you read the scroll of blinking, it crumbles to dust.
Your orange demon stings the 27-headed Lernaean hydra from afar.
A demon appears!
A demon appears!
A demon appears!
A demon appears!
Your neqoxec hits the 27-headed Lernaean hydra.
The 27-headed Lernaean hydra misses you.
You block the 27-headed Lernaean hydra's attack.
The 27-headed Lernaean hydra bites you!
* * * LOW HITPOINT WARNING * * *
You block the 27-headed Lernaean hydra's attack. x2
The 27-headed Lernaean hydra bites you.
* * * LOW HITPOINT WARNING * * *
The 27-headed Lernaean hydra bites you but does no damage.
The 27-headed Lernaean hydra bites you!
You die...

###.........###
#⌠..†..).....⌠#
##.8.........8.######
.......###.....)___∩##
.....8.# #.84.......∩###
...(...###.............##
....###...###....3.....⌠#
)...# #.<.# #[3D.......⌠#
....###...###..3@......⌠#
.......###.....)3......##
....[8.# #.8........∩###
_.[....###).....___∩##
##.8......)).8.######
#⌠...........⌠#
###(........###
#_......._# #_..(...._#


You could see the 27-headed Lernaean hydra, a friendly orange demon, 3 friendly
neqoxecs and a friendly ynoxinul.

Vanquished Creatures
  A thorn hunter (D)
  A deep elf knight (D)
  5 deep elf magi (D)
  2 spiny frogs (D)
  A hornet (D)
  A bog body (D)
  A spriggan (D)
  A phantom (D)
  3 necrophages (D)
  3 orc priests (D)
  An orc wizard (D)
  An adder skeleton (D)
  An orc (D)
  5 kobolds (D)
  8 briar patches (D)
35 creatures vanquished.

Vanquished Creatures (others)
  A kobold (D)
1 creature vanquished.

Grand Total: 36 creatures vanquished

Notes
Turn   | Place    | Note
-------+----------+-------------------------------------------
     0 | D        | poirepourri the Deep Dwarf Fighter began the quest for the Orb.
     0 | D        | Reached XP level 1. HP: 20/20 MP: 1/1
     1 | D        | Found a bloodstained altar of Trog.
     1 | D        | Found a stormy altar of Qazlal.
     2 | D        | Found a sacrificial altar of Ru.
     2 | D        | Found an opulent altar of Gozag.
     3 | D        | Found an ancient bone altar of Kikubaaqudgha.
     4 | D        | Found an ornate altar of the Wu Jian Council.
     4 | D        | Found a glowing silver altar of Zin.
     4 | D        | Found Totosudd's Staff Store.
     4 | D        | Found Witafede's Magic Scroll Shop.
     5 | D        | Found Foti's Must-Have Magic.
     5 | D        | Found Socaahud's Magic Scroll Shop.
     5 | D        | Round 1.
     8 | D        | Noticed a necrophage
    32 | D        | Killed a necrophage
    32 | D        | Reached skill level 9 in Axes
    32 | D        | Reached XP level 2. HP: 19/24 MP: 2/2
    32 | D        | Reached XP level 3. HP: 24/30 MP: 3/3
    32 | D        | Reached XP level 4. HP: 30/37 MP: 4/4
    38 | D        | Noticed a phantom
    39 | D        | Found a deep blue altar of Sif Muna.
    40 | D        | Found a shadowy altar of Dithmenos.
    41 | D        | Found Kiot's Delicious Food.
    42 | D        | Found Fidwos's Jewellery.
    42 | D        | Found Cerir's Advanced Armour.
    42 | D        | Found a snail-covered altar of Cheibriados.
    42 | D        | Found a burning altar of Makhleb.
    42 | D        | Found Bieziwne's Identification Station.
    56 | D        | Found a corrupted altar of Lugonu.
    57 | D        | Found a roughly hewn altar of Beogh.
    66 | D        | Became a worshipper of Makhleb the Destroyer
    92 | D        | Killed a phantom
    92 | D        | Reached skill level 11 in Axes
    92 | D        | Reached XP level 5. HP: 20/46 MP: 5/5
    97 | D        | Bought a brightly glowing granite ring for 45 gold pieces
    97 | D        | Bought a glittering tin ring for 45 gold pieces
    97 | D        | Bought a sparkling jade amulet for 45 gold pieces
    97 | D        | Identified the ring of Wishful Thinking {Str+4 Dex+4 SInv} (You bought it in a shop in the Dungeon)
    98 | D        | Identified the ring "Xitiloepo" {rElec rPois MR- Str+7 Dex-5} (You bought it in a shop in the Dungeon)
   100 | D        | Identified the amulet "Pekhlacku" {Harm *Drain Stlth+} (You bought it in a shop in the Dungeon)
   102 | D        | Bought a smoking turquoise ring for 45 gold pieces
   102 | D        | Identified the ring "Siphiacw" {*Drain +Fly rPois Str+2 Int+2 SInv} (You bought it in a shop in the Dungeon)
   124 | D        | Noticed a necrophage
   138 | D        | Killed a necrophage
   138 | D        | Reached skill level 13 in Axes
   138 | D        | Noticed a necrophage
   152 | D        | Killed a necrophage
   152 | D        | Reached * piety under Makhleb
   152 | D        | Reached skill level 14 in Axes
   152 | D        | Reached XP level 6. HP: 41/52 MP: 5/5
   156 | D        | Found a hide-covered altar of Uskayaw.
   156 | D        | Found Vuilaunk's Distillery.
   156 | D        | Found Wapateav's Distillery.
   157 | D        | Found Damoo's Bottled Wisdom.
   162 | D        | Found Inumao Vixke's Do-It-Yourself Clinic.
   162 | D        | Found an iron altar of Okawaru.
   162 | D        | Found a viscous altar of Jiyva.
   162 | D        | Found a radiant altar of Vehumet.
   174 | D        | Arena points: 12 (+12) [x2]
   186 | D        | Found a basalt altar of Yredelemnul.
   188 | D        | Found a glowing golden altar of the Shining One.
   188 | D        | Found a blossoming altar of Fedhas.
   188 | D        | Found Roheneps's Weapon Rack.
   188 | D        | Found Hemis's Basic Armour.
   189 | D        | Found Ocozoadd's Miscellaneous Merchandise.
   192 | D        | Round 2.
   194 | D        | Found Uboeff's Premium Goods.
   194 | D        | Found a shimmering altar of Xom.
   242 | D        | Reached ** piety under Makhleb
   284 | D        | Reached skill level 15 in Axes
   304 | D        | Arena points: 24 (+12) [x1]
   319 | D        | Round 3.
   335 | D        | Reached *** piety under Makhleb
   487 | D        | Reached **** piety under Makhleb
   487 | D        | Arena points: 66 (+42) [x2]
   523 | D        | Bought a faintly glowing iron amulet for 45 gold pieces
   523 | D        | Identified the amulet "Ydduirem" {Acrobat rPois rC+} (You bought it in a shop in the Dungeon)
   545 | D        | Round 4.
   548 | D        | Noticed a deep elf mage
   559 | D        | Noticed a fire elemental
   559 | D        | Noticed a fire elemental
   563 | D        | Noticed a fire elemental
   563 | D        | Noticed a fire elemental
   563 | D        | Killed a deep elf mage
   563 | D        | Reached skill level 17 in Axes
   563 | D        | Reached XP level 7. HP: 27/61 MP: 6/6
   616 | D        | Noticed a deep elf mage
   620 | D        | Killed a deep elf mage
   620 | D        | Reached XP level 8. HP: 65/80 MP: 7/7
   620 | D        | Noticed a deep elf knight
   628 | D        | Killed a deep elf knight
   628 | D        | Reached skill level 10 in Fighting
   646 | D        | Noticed a deep elf mage
   662 | D        | Killed a deep elf mage
   662 | D        | Gained mutation: You passively map the area around you. [Deep Dwarf growth]
   662 | D        | Reached XP level 9. HP: 33/97 MP: 7/7
   673 | D        | Noticed a deep elf mage
   690 | D        | Killed a deep elf mage
   690 | D        | Reached ***** piety under Makhleb
   695 | D        | Noticed a deep elf mage
   697 | D        | Noticed a sixfirhy
   704 | D        | Noticed a jumping spider
   707 | D        | Killed a deep elf mage
   707 | D        | Arena points: 150 (+84) [x3]
   721 | D        | Bought 3 potions of heal wounds for 105 gold pieces
   751 | D        | Round 5.
   754 | D        | Bought a slimy wooden ring for 45 gold pieces
   779 | D        | Noticed a spiny frog
   793 | D        | Noticed a spriggan rider
   794 | D        | Killed a spiny frog
   794 | D        | Reached skill level 10 in Shields
   812 | D        | Noticed a thorn hunter
   816 | D        | Noticed a spiny frog
   830 | D        | Killed a spiny frog
   830 | D        | Reached XP level 10. HP: 43/105 MP: 6/6
   839 | D        | Noticed the 27-headed Lernaean hydra
   841 | D        | Killed a thorn hunter
   841 | D        | Reached skill level 15 in Shields
   855 | D        | Slain by the 27-headed Lernaean hydra

Skill      XL: |  1  2  3  4  5  6  7  8  9 10 |
---------------+-------------------------------+-----
Axes           | 9 11 14 17 | 17.3
Fighting       | 7 11 | 11.4
Shields        | 12 15 | 15.1
Armour         | |  3.2

Action                   |  1- 3 |  4- 6 |  7- 9 | 10-12 || total
-------------------------+-------+-------+-------+-------++-------
Melee: War axe           |    21 |    85 |    64 |     9 ||   179
Invok: Lesser Servant of |       |       |       |     5 ||     5
 Abil: Heal Wounds       |       |     1 |     7 |     1 ||     9
Evoke: Wand              |       |     5 |     3 |       ||     8
  Use: Potion            |       |     5 |     5 |     1 ||    11
       Scroll            |       |     1 |       |     1 ||     2
Armor: Scale mail        |     8 |    18 |    18 |     4 ||    48
Dodge: Dodged            |     5 |    10 |    12 |     3 ||    30
Block: Shield            |    10 |    37 |    47 |     9 ||   103
